 Dungeon Crawl Stone Soup version 0.23-a0-78-gc252fe1 (webtiles) character file.

221 galech the Cudgeler (level 5, 0/43 HPs)
             Began as a Gnoll Wanderer on Aug 10, 2018.
             Slain by a worker ant (2 damage)
             ... on level 3 of the Dungeon.
             The game lasted 00:01:51 (1796 turns).

galech the Cudgeler (Gnoll Wanderer)                Turns: 1796, Time: 00:01:52

Health: 0/43       AC:  6    Str: 16    XL:     5   Next: 98%
Magic:  7/7        EV: 10    Int: 11    God:
Gold:   65         SH:  0    Dex: 17    Spells: 7/7 levels left

rFire    . . .     SeeInvis .   a - +2 mace
rCold    . . .     Gourm    .   (no shield)
rNeg     . . .     Faith    .   o - +0 scale mail
rPois    .         Spirit   .   (no helmet)
rElec    .         Reflect  .   (no cloak)
rCorr    .         Harm     .   (no gloves)
MR       .....                  (no boots)
Stlth    ++........             (no amulet)
HPRegen  0.14/turn              j - ring of flight
MPRegen  0.10/turn              (no ring)

@: lethally poisoned (0 -> -3)
A: distributed training, fangs 1, strong nose
a: Evoke Flight


You were on level 3 of the Dungeon.
You were not hungry.

You visited 1 branch of the dungeon, and saw 3 of its levels.

You collected 65 gold pieces.

Inventory:

Hand Weapons
 a - a +2 mace (weapon)
 c - a +0 falchion
 e - a +0 dagger
Armour
 o - a +0 scale mail (worn)
Jewellery
 j - a ring of flight (left hand)
Scrolls
 d - a scroll of teleportation {unknown}
 h - a scroll of blinking {unknown}
 l - 4 scrolls of remove curse {unknown}
 p - 2 scrolls of identify {unknown}
Potions
 b - a potion of lignification
 g - 2 potions of brilliance {unknown}
 i - 2 potions of might {unknown}
 k - a potion of cancellation {unknown}
 n - 3 potions of curing {unknown}
Comestibles
 f - 3 rations
 m - a chunk of flesh


   Skills:
 + Level 4.8 Fighting
 + Level 1.6 Short Blades
 + Level 4.8 Long Blades
 + Level 1.6 Axes
 + Level 6.7 Maces & Flails
 + Level 1.6 Polearms
 + Level 1.6 Staves
 + Level 1.6 Slings
 + Level 1.6 Bows
 + Level 1.6 Crossbows
 + Level 1.6 Throwing
 + Level 1.6 Armour
 + Level 1.6 Dodging
 + Level 4.5 Stealth
 + Level 3.1 Shields
 + Level 1.6 Unarmed Combat
 + Level 1.6 Spellcasting
 + Level 1.3 Conjurations
 + Level 1.3 Hexes
 + Level 1.3 Charms
 + Level 1.3 Summonings
 + Level 1.3 Necromancy
 + Level 1.3 Translocations
 + Level 1.3 Transmutations
 + Level 1.3 Fire Magic
 + Level 1.3 Ice Magic
 + Level 1.3 Air Magic
 + Level 1.3 Earth Magic
 + Level 1.3 Poison Magic
 + Level 1.9 Invocations
 + Level 1.6 Evocations


You had 7 spell levels left.
You didn't know any spells.
Your spell library was empty.

Dungeon Overview and Level Annotations

Branches:
Dungeon (3/15)

Altars:


Innate Abilities, Weirdness & Mutations

Your experience applies equally to all skills.
You have very sharp teeth.
Your uncanny sense of smell can sniff out nearby items.


Message History

The worker ant twitches its antennae in your direction.
The worker ant bites you. The worker ant barely misses you.
You barely miss the worker ant. The worker ant bites you.
You hit the worker ant.
The worker ant is moderately wounded.
The worker ant bites you.
* * * LOW HITPOINT WARNING * * *
You closely miss the worker ant.
The worker ant is moderately wounded.
The worker ant bites you.
* * * LOW HITPOINT WARNING * * *
You are lethally poisoned!
The worker ant poisons you!
You hit the worker ant.
The worker ant is heavily wounded.
* * * LOW HITPOINT WARNING * * *
You feel sick.
The worker ant bites you but does no damage.
The worker ant bites you.
You die...

.. .## #.# #.. #.# ∆
... #.# #.# #># #.#
##.# ######.### #..#
#>...a...# #.#.
#....@...##########.#.
#.........).........).
#...../..######.......
########## #.......
#....... #.......
#....... #.......
........


You could see a worker ant.

Vanquished Creatures
  An ogre (D:3)
  2 orc priests (D:3)
  Jessica (D:2)
  2 adders
  An ooze (D:1)
  A leopard gecko (D:3)
  An orc (D:3)
  3 giant cockroaches
  2 hobgoblins
  A quokka (D:2)
  3 bats
  4 goblins
  6 kobolds
28 creatures vanquished.

Notes
Turn   | Place    | Note
-------+----------+-------------------------------------------
     0 | D:1      | galech the Gnoll Wanderer began the quest for the Orb.
     0 | D:1      | galech set off with: a +2 mace, a potion of lignification, a +0 falchion, a +0 robe, a +0 dagger, a ration
     0 | D:1      | Reached XP level 1. HP: 20/20 MP: 1/1
   298 | D:1      | Reached XP level 2. HP: 24/26 MP: 2/2
   769 | D:2      | Noticed Jessica
   778 | D:2      | Killed Jessica
   778 | D:2      | Reached skill level 1 in Invocations
   778 | D:2      | Reached XP level 3. HP: 30/31 MP: 2/4
   858 | D:2      | Found a faded altar of an unknown god.
   869 | D:2      | Reached skill level 1 in Short Blades
   869 | D:2      | Reached skill level 1 in Axes
   869 | D:2      | Reached skill level 1 in Polearms
   869 | D:2      | Reached skill level 1 in Staves
   869 | D:2      | Reached skill level 1 in Slings
   869 | D:2      | Reached skill level 1 in Bows
   869 | D:2      | Reached skill level 1 in Crossbows
   869 | D:2      | Reached skill level 1 in Throwing
   869 | D:2      | Reached skill level 1 in Armour
   869 | D:2      | Reached skill level 1 in Dodging
   869 | D:2      | Reached skill level 1 in Unarmed Combat
   869 | D:2      | Reached skill level 1 in Spellcasting
   869 | D:2      | Reached skill level 1 in Evocations
   871 | D:2      | Reached XP level 4. HP: 38/38 MP: 5/5
  1509 | D:3      | Reached skill level 1 in Conjurations
  1509 | D:3      | Reached skill level 1 in Hexes
  1509 | D:3      | Reached skill level 1 in Charms
  1509 | D:3      | Reached skill level 1 in Summonings
  1509 | D:3      | Reached skill level 1 in Necromancy
  1509 | D:3      | Reached skill level 1 in Translocations
  1509 | D:3      | Reached skill level 1 in Transmutations
  1509 | D:3      | Reached skill level 1 in Fire Magic
  1509 | D:3      | Reached skill level 1 in Ice Magic
  1509 | D:3      | Reached skill level 1 in Air Magic
  1509 | D:3      | Reached skill level 1 in Earth Magic
  1509 | D:3      | Reached skill level 1 in Poison Magic
  1518 | D:3      | Reached XP level 5. HP: 6/43 MP: 5/7
  1771 | D:3      | Noticed an ogre
  1781 | D:3      | Killed an ogre
  1796 | D:3      | HP: 2/43 [poisoned by a worker ant]
  1796 | D:3      | Slain by a worker ant

Vault maps used:
D:1:      lemuel_arrival_muddy
D:2:      chequers_ecumenical_altar_simple, uniq_jessica
D:3:      first_ration, uniq_sigmund

Skill      XL: |  1  2  3  4  5 |
---------------+----------------+-----
Invocations    | 1 |  1.9
Short Blades   | 1 |  1.6
Axes           | 1 |  1.6
Polearms       | 1 |  1.6
Staves         | 1 |  1.6
Slings         | 1 |  1.6
Bows           | 1 |  1.6
Crossbows      | 1 |  1.6
Throwing       | 1 |  1.6
Armour         | 1 |  1.6
Dodging        | 1 |  1.6
Unarmed Combat | 1 |  1.6
Spellcasting   | 1 |  1.6
Evocations     | 1 |  1.6
Conjurations   | 1 |  1.3
Hexes          | 1 |  1.3
Charms         | 1 |  1.3
Summonings     | 1 |  1.3
Necromancy     | 1 |  1.3
Translocations | 1 |  1.3
Transmutations | 1 |  1.3
Fire Magic     | 1 |  1.3
Ice Magic      | 1 |  1.3
Air Magic      | 1 |  1.3
Earth Magic    | 1 |  1.3
Poison Magic   | 1 |  1.3
Shields        | 3 |  3.1
Fighting       | |  4.8
Long Blades    | |  4.8
Maces & Flails | |  6.7
Stealth        | |  4.5

Action                   |  1- 3 |  4- 6 || total
-------------------------+-------+-------++-------
Melee: Mace              |    39 |    46 ||    85
       Bite              |     5 |     2 ||     7
 Stab: Sleeping          |     1 |       ||     1
  Eat: Chunk             |       |     3 ||     3
Armor: Robe              |     4 |       ||     4
       Scale mail        |     9 |    19 ||    28
Dodge: Dodged            |    17 |    18 ||    35

Table legend:
 A = Non-vault XP
 B = Vault XP
 C = Vault XP percentage of total XP
 D = Non-vault monster count
 E = Vault monster count
 F = Vault count percentage of total count
 G = Total turns spent on level
                 A         B        C        D         E       F
            +---------+---------+-------+---------+---------+-------
      Total |     279 |      37 |  11.7 |      27 |       1 |   3.6
            +---------+---------+-------+---------+---------+-------
        D:1 |      12 |       0 |   0.0 |       4 |       0 |   0.0
        D:2 |      34 |      37 |  52.1 |      13 |       1 |   7.1
        D:3 |     233 |       0 |   0.0 |      10 |       0 |   0.0
            +---------+---------+-------+---------+---------+-------
